 Dungeon Crawl Stone Soup version 0.27.1-34-g3ba077fa99 (webtiles) character file.

Game seed: 7288698531636717304

104 pkoi the Conjurer (level 4, 0/33 HPs)
             Began as a Draconian Conjurer on Jan 25, 2022.
             Succumbed to Robin's poison
             ... on level 2 of the Dungeon.
             The game lasted 00:04:25 (4253 turns).

pkoi the Conjurer (Draconian Conjurer)              Turns: 4253, Time: 00:04:26

Health: 0/33       AC:  5    Str: 10    XL:     4   Next: 52%
Magic:  5/7        EV: 12    Int: 19    God:
Gold:   59         SH:  0    Dex: 15    Spells: 5/8 levels left

rFire    . . .     SeeInvis .   f - +0 dagger (protect)
rCold    . . .     Faith    .   (no shield)
rNeg     . . .     Spirit   .   (armour unavailable)
rPois    .         Reflect  .   (helmet restricted)
rElec    .         Harm     .   (no cloak)
rCorr    .         Rampage  .   (no gloves)
Will     .....                  (no boots)
Stlth    ++........             (no amulet)
HPRegen  0.11/turn              c - +6 ring of dexterity
MPRegen  0.10/turn              (no ring)

@: lethally poisoned (0 -> -1), very slightly contaminated, invisible
A: AC +5, unfitting armour, cold-blooded
a: no special abilities


You were on level 2 of the Dungeon.
You visited 1 branch of the dungeon, and saw 3 of its levels.

You collected 59 gold pieces.

Inventory:

Hand Weapons
 a - a +0 hand axe
 d - a +0 dagger
 f - a +0 dagger of protection (weapon)
 l - a +1 vampiric dagger
Missiles
 b - 14 poisoned darts
Jewellery
 c - a +6 ring of dexterity (left hand)
 j - an amulet of faith
Wands
 i - a wand of digging (3)
Scrolls
 g - 2 scrolls of identify
 h - a scroll of amnesia
 k - a scroll of enchant armour


   Skills:
 - Level 1.7 Dodging
 - Level 1.7 Stealth
 + Level 2.5 Spellcasting
 * Level 5.7 Conjurations


You had 5 spell levels left.
You knew the following spells:

 Your Spells              Type           Power      Damage    Failure   Level
a - Magic Dart            Conj           96%        1d7       1%          1
b - Searing Ray           Conj           48%        3d5       2%          2

Your spell library contained the following spells:

 Spells                   Type           Power      Damage    Failure   Level
 Dazzling Flash           Conj/Hex       26%        N/A       14%         3
 Fulminant Prism          Conj/Hex       6%         3d7       43%         4
 Iskenderun's Mystic Bla  Conj/Tloc      13%        2d5       43%         4


Dungeon Overview and Level Annotations

Branches:
Dungeon (3/15)

Altars:

Annotations:
D:2 1 runed translucent door, Crazy Yiuf
D:3 Robin


Innate Abilities, Weirdness & Mutations

Your plain brown scales are hard. (AC +5)
You cannot fit into any form of body armour.
You are cold-blooded and may be slowed by cold attacks.


Message History

Casting: Searing Ray (safe; 2% risk of failure)
Confirm with . or Enter, or press ? or * to list all spells.
Aiming: Searing Ray (safe; 2% risk of failure)
Press: ? - help, Shift-Dir - straight line, f - hobgoblin
Aim: a hobgoblin (strong, 79% to hit)
The searing ray hits the hobgoblin!
You kill the hobgoblin! (Press . to maintain the ray.)
* * * LOW HITPOINT WARNING * * *
You feel very sick.
It was a potion of invisibility.
You fade into invisibility!
* * * LOW HITPOINT WARNING * * *
You feel very sick.
You are very lightly contaminated with residual magic.
* * * LOW HITPOINT WARNING * * *
You feel sick.
* * * LOW HITPOINT WARNING * * *
You feel sick.
* * * LOW HITPOINT WARNING * * *
You feel sick.
As you read the scroll labelled JIL LIAZAYBODD, it crumbles to dust.
It is a scroll of identify.
k - a scroll of enchant armour
* * * LOW HITPOINT WARNING * * *
You feel sick.
As you read the scroll labelled EMYMNAEMPY, it crumbles to dust.
It is a scroll of amnesia.
Really abort (and waste the scroll)?
Okay, then.
* * * LOW HITPOINT WARNING * * *
You feel sick.
Unknown command.
Unknown command.
You feel the dreadful sensation subside.
Your +0 dagger of protection hums with potential!
f - a +0 dagger of protection (weapon)
* * * LOW HITPOINT WARNING * * *
You feel sick.
You die...

###### #....#
########....######
#)................
#@................
#)######....######
#)# #....# #.#
#....#
#.######....###
#......'.)....#
########....#.####
####(......
#........


There were no monsters in sight!

Vanquished Creatures
  A hound (D:2)
  An adder (D:2)
  A dart slug (D:1)
  An orc (D:3)
  4 ball pythons
  3 endoplasms
  A giant cockroach (D:2)
  15 goblins
  5 hobgoblins
  5 jackals
  5 kobolds
  4 quokkas
  3 bats
  4 frilled lizards
  3 rats
56 creatures vanquished.

Notes
Turn   | Place    | Note
-------+----------+-------------------------------------------
     0 | D:1      | pkoi the Draconian Conjurer began the quest for the Orb.
     0 | D:1      | Reached XP level 1. HP: 14/14 MP: 3/3
   828 | D:1      | Reached XP level 2. HP: 18/20 MP: 1/5
  1051 | D:1      | Learned a level 2 spell: Searing Ray
  2056 | D:2      | Found a runed translucent door.
  2057 | D:2      | Noticed Crazy Yiuf
  2269 | D:2      | Reached skill level 5 in Conjurations
  2310 | D:2      | Reached XP level 3. HP: 26/26 MP: 4/6
  2922 | D:2      | Reached XP level 4. HP: 24/33 MP: 3/7
  4058 | D:3      | Noticed Robin
  4252 | D:2      | HP: 1/33 [poisoned by Robin]
  4253 | D:2      | Succumbed to Robin's poison

Illustrated notes

Levels and vault maps discovered:
D:1:      shiori_shiawase, layout_basic, hangedman_glass_teeth
D:2:      layout_basic, uniq_crazy_yiuf_cottage
D:3:      layout_rooms, okawaru_trees_2, nicolae_wu_jian_wuxing_cycle,
          serial_bayou_pond_a, serial_bayou_lagoon_b, uniq_robin, uniq_terence

Skill      XL: |  1  2 |
---------------+-------+-----
Conjurations   | 5 |  5.7
Dodging        | |  1.7
Stealth        | |  1.7
Spellcasting   | |  2.5

Action                   |  1- 3 |  4- 6 || total
-------------------------+-------+-------++-------
Melee: Unarmed           |    34 |       ||    34
       Tailslap          |     9 |     3 ||    12
       Dagger            |    26 |     8 ||    34
       Hand axe          |     1 |       ||     1
 Cast: Magic Dart        |    70 |    28 ||    98
       Searing Ray       |     1 |     4 ||     5
  Use: Scroll            |       |     2 ||     2
       Potion            |       |     1 ||     1
Armor: Skin              |    23 |    17 ||    40
Dodge: Dodged            |    50 |    19 ||    69
